 Dungeon Crawl Stone Soup version 0.27-a0-40-g5f2be0e231 (webtiles) character file.

Game seed: 11418983441571840554

1218 Conn the Firebug (level 8, 0/46 HPs)
             Began as an Octopode Fire Elementalist on Jan 5, 2021.
             Was an Initiate of Sif Muna.
             Slain by a worm (11 damage)
             ... on level 4 of the Dungeon.
             The game lasted 00:16:45 (6346 turns).

Conn the Firebug (Octopode Fire Elementalist)       Turns: 6346, Time: 00:16:46

Health: 0/46       AC:  1    Str:  7    XL:     8   Next: 46%
Magic:  5/14       EV: 13    Int: 20    God:    Sif Muna [......]
Gold:   343        SH:  0    Dex: 12    Spells: 4/15 levels left

rFire    . . .     SeeInvis .   r - +1 mace (protect)
rCold    . . .     Faith    .   (no shield)
rNeg     . . .     Spirit   .   (helmet restricted)
rPois    .         Reflect  .   (no amulet)
rElec    .         Harm     .   (no ring)
rCorr    .         Rampage  .   (no ring)
Will     .....                  (no ring)
Stlth    +++.......             (no ring)
HPRegen  0.15/turn              (no ring)
MPRegen  0.14/turn              (no ring)
                                (no ring)
                                (no ring)

@: mighty, lethally poisoned (0 -> -14), attractive
A: almost no armour, stealthy swim, amphibious, 8 rings, constrict 8, camouflage
1, gelatinous body 1
a: Renounce Religion


You were on level 4 of the Dungeon.
You worshipped Sif Muna.
Sif Muna was noncommittal.
You visited 2 branches of the dungeon, and saw 6 of its levels.

You collected 343 gold pieces.

Inventory:

Hand Weapons
 b - a +0 dagger
 g - a +1 whip of electrocution
 o - a +1 dagger of draining
 r - a +1 mace of protection (weapon)
Armour
 q - a +0 buckler
Jewellery
 B - an uncursed ring of ice
Wands
 z - a wand of iceblast (4)
Scrolls
 a - 8 scrolls of identify
 c - 4 scrolls of remove curse
 d - a scroll of enchant armour {unknown}
 e - a scroll of blinking
 f - a scroll of immolation {unknown}
 k - a scroll of fog {unknown}
 l - 2 scrolls of magic mapping
 m - a scroll of fear {unknown}
 n - 2 scrolls of teleportation {unknown}
 p - 2 scrolls of amnesia
 v - a scroll of noise {unknown}
 y - a scroll of enchant weapon
Potions
 h - a potion of might
 i - a potion of lignification {unknown}
 j - a potion of mutation {unknown}
 s - a potion of curing {unknown}
 t - a potion of degeneration {unknown}
 u - a potion of ambrosia {unknown}
 w - a potion of attraction
 x - a potion of brilliance {unknown}
 A - a potion of resistance {unknown}


   Skills:
 - Level 2.3 Dodging
 - Level 2.7 Stealth
 * Level 2.9 Shields
 + Level 4.3 Spellcasting
 * Level 5.3 Conjurations
 * Level 6.8 Fire Magic


You had 4 spell levels left.
You knew the following spells:

 Your Spells              Type           Power        Failure   Level
a - Foxfire               Conj/Fire      100%         1%          1
b - Conjure Flame         Conj/Fire      28%          3%          3
c - Inner Flame           Hex/Fire       18%          9%          3
d - Sticky Flame          Conj/Fire      28%          10%         4

Your spell library contained the following spells:

 Spells                   Type           Power        Failure   Level
 Fireball                 Conj/Fire      14%          28%         5


Dungeon Overview and Level Annotations

Branches:
Dungeon (5/15)             Temple (1/1) D:4

Altars:
Ashenzari
Cheibriados
Dithmenos
Elyvilon
Fedhas
Hepliaklqana
Qazlal
Sif Muna
Uskayaw
Xom
Yredelemnul
Zin
Lugonu


Innate Abilities, Weirdness & Mutations

You cannot wear most types of armour.
You are very stealthy in the water. (Stealth+)
You are amphibious.
You can wear up to eight rings at the same time.
You can use your tentacles to constrict eight enemies at once.
Your skin changes colour to match your surroundings (Stealth+).
Your rubbery body absorbs attacks. (AC +1, EV +1)


Message History

Okay, then.
You feel sick.
Blink to where?
Press: ? - help, Dir - move target
As you read the scroll of blinking, it crumbles to dust.
A worm, an orc and an orc priest come into view.
You feel sick.
Unknown command.
As you read the scroll labelled JEMORO YDYUVO, it crumbles to dust.
It is a scroll of amnesia.
Really abort (and waste the scroll)?
Okay, then.
* * * LOW HITPOINT WARNING * * *
You feel sick.
The orc shouts!
It was a potion of attraction.
You feel attractive to monsters.
* * * LOW HITPOINT WARNING * * *
You feel sick. The worm bites you!
You die...

*,#...#.##.. ********
*,'._.5.##.# *,,,,,,*
*******,#...####.# **,,,,,,*
*,,,,,*,#^#^* #.. .,,,,,,,*
*,,,,,*,#,#.* #..
..,,,,,,********,,,,,*,**######..
..,,,,,,,,,,,,,,,,,,,,,,,,,......
..####################.#****###..
......W).WO....w@.o.wo.#* #..
.......##############...* #..
.....[.#########*****,,,* ****#..
....)..........#*,,,***,***,,,##.
##.............#,,,,,**+**,,,,,#.
W#?............#,,8,,,,,,,,,8,,#.
...........?...#,,,,,*****,,,,,#.
........!......#*,,,**,,,**,,,*#.
....###........#**,**,,,,,**,**#.


You could see a phantom, an ogre, 2 worms, an orc priest (wandering) and an orc.

Vanquished Creatures
  Pikel (D:5)
  An ice beast (D:5)
  A centaur (D:5)
  2 howler monkeys
  4 crimson imps
  2 orc priests
  Crazy Yiuf (D:5)
  A hound (D:5)
  2 orc wizards
  A worker ant (D:4)
  3 adders
  3 dart slugs
  3 worms
  5 leopard geckos
  15 orcs
  4 bats
  4 giant cockroaches
  7 goblins
  10 hobgoblins
  3 jackals
  7 kobolds
  2 quokkas
  2 ball pythons
  4 frilled lizards
  10 rats
98 creatures vanquished.

Vanquished Creatures (others)
  246 foxfires
246 creatures vanquished.

Grand Total: 344 creatures vanquished

Notes
Turn   | Place    | Note
-------+----------+-------------------------------------------
     0 | D:1      | Conn the Octopode Fire Elementalist began the quest for the
                  | Orb.
     0 | D:1      | Reached XP level 1. HP: 11/11 MP: 3/3
   178 | D:1      | Reached XP level 2. HP: 15/17 MP: 0/5
   472 | D:1      | Reached XP level 3. HP: 21/21 MP: 3/6
   701 | D:1      | Learned a level 3 spell: Conjure Flame
  1076 | D:2      | Reached skill level 4 in Fire Magic
  1329 | D:2      | Reached XP level 4. HP: 25/27 MP: 7/7
  1390 | D:2      | Found a blossoming altar of Fedhas.
  2137 | D:3      | Learned a level 3 spell: Inner Flame
  2803 | D:4      | Found a shadowy altar of Dithmenos.
  2868 | D:3      | Reached XP level 5. HP: 9/31 MP: 0/8
  3085 | D:3      | Found a snail-covered altar of Cheibriados.
  3619 | D:4      | Found a shimmering altar of Xom.
  3647 | D:4      | Reached skill level 1 in Shields
  3647 | D:4      | Reached XP level 6. HP: 27/36 MP: 10/10
  3673 | D:5      | Entered Level 5 of the Dungeon
  3735 | D:5      | Reached skill level 5 in Fire Magic
  4070 | D:5      | Noticed an ice beast
  4087 | D:5      | Killed an ice beast
  4284 | D:5      | Reached XP level 7. HP: 30/41 MP: 7/11
  4382 | D:4      | Learned a level 4 spell: Sticky Flame
  4390 | D:4      | Found a staircase to the Ecumenical Temple.
  4397 | Temple   | Entered the Ecumenical Temple
  4416 | Temple   | Became a worshipper of Sif Muna the Loreminder
  4840 | D:5      | Noticed Pikel
  4873 | D:5      | Killed Pikel
  4874 | D:5      | Reached skill level 5 in Conjurations
  4874 | D:5      | Reached skill level 6 in Fire Magic
  4874 | D:5      | Reached XP level 8. HP: 44/46 MP: 3/14
  5012 | D:5      | Found a broken altar of Ashenzari.
  5012 | D:5      | Found a hide-covered altar of Uskayaw.
  5012 | D:5      | Found a hazy altar of Hepliaklqana.
  5640 | D:5      | Found a runed translucent door.
  5641 | D:5      | Noticed Crazy Yiuf
  5649 | D:5      | Killed Crazy Yiuf
  6346 | D:4      | Slain by a worm

Illustrated notes

Levels and vault maps discovered:
D:1:      giann_forest_graveyard, layout_rooms
D:2:      layout_basic, lemuel_coloured_pillars_altar, minmay_pentomino_t4
D:3:      layout_loops_cross, cheibriados_altar_1, minmay_misc_feat_roman
D:4:      minmay_octagon_keep, layout_basic, lemuel_doored_altar, led_xom_imps,
          minmay_temple_entry_arrows, uniq_ijyb
D:5:      layout_basic, grunt_temple_overflow_diamond, uniq_crazy_yiuf_cottage,
          uniq_pikel
Temple:   kb_corrupted_temple

Skill      XL: |  1  2  3  4  5  6  7 |
---------------+----------------------+-----
Fire Magic     | 4 5 6 |  6.8
Conjurations   | 2 3 5 |  5.3
Shields        | 1 2 |  2.9
Spellcasting   | 3 4 |  4.3
Dodging        | |  2.3
Stealth        | |  2.7

Action                   |  1- 3 |  4- 6 |  7- 9 || total
-------------------------+-------+-------+-------++-------
Melee: Whip              |    11 |     3 |       ||    14
       Constrict         |     2 |    18 |     7 ||    27
       Tentacles         |     1 |    17 |     4 ||    22
       Dagger            |       |    16 |       ||    16
       Mace              |       |    57 |    30 ||    87
 Cast: Foxfire           |    47 |    71 |    24 ||   142
       Conjure Flame     |       |     1 |       ||     1
       Sticky Flame      |       |       |     5 ||     5
Evoke: Wand              |       |       |     1 ||     1
  Use: Scroll            |     3 |     3 |     2 ||     8
       Potion            |       |       |     2 ||     2
 Stab: Sleeping          |     2 |     4 |       ||     6
       Distracted        |       |       |     1 ||     1
Armor: Skin              |     1 |    16 |    11 ||    28
Dodge: Dodged            |     8 |    64 |    20 ||    92

Table legend: (Time is in decaauts)
 A = Elapsed time spent in this place.
 B = Non-inter-level travel time spent in this place.
 C = Inter-level travel time spent in this place.
 D = Time resting spent in this place.
 E = Time spent auto-exploring this place.
 F = Levels seen in this place.
 G = Mean time per level.
                   A        B        C        D        E       F      G
               +--------+--------+--------+--------+--------+-----+--------+
         Total |   6382 |   6264 |    118 |   1325 |   3392 |   6 | 1063.7 |
       Dungeon |   6346 |   6241 |    105 |   1325 |   3384 |   5 | 1269.2 |
        Temple |     35 |     22 |     13 |      0 |      8 |   1 |   35.0 |
               +--------+--------+--------+--------+--------+-----+--------+

Top non-repeatable levels by time:
     D:5: 2287 daAuts
     D:2: 1359 daAuts
     D:3: 1207 daAuts
     D:1: 764 daAuts
     D:4: 726 daAuts
  Temple: 35 daAuts
